 Dungeon Crawl Stone Soup version 0.23.2-33-g5129a83184 (webtiles) character file.

Game seed: 5562301033384471022

6931 Exodus22XD the Cleaver (level 10, 0/92 HPs)
             Began as a Deep Dwarf Fighter on July 4, 2019.
             Was an Initiate of Makhleb.
             Slain by Harold
             ... wielding a +1 halberd of protection
              (5 damage)
             ... on level 8 of the Dungeon.
             The game lasted 00:29:40 (6866 turns).

Exodus22XD the Cleaver (Deep Dwarf Fighter)         Turns: 6866, Time: 00:29:41

Health: 0/92       AC:  2    Str: 23    XL:     10   Next: 80%
Magic:  0/0        EV:  7    Int:  9    God:    Makhleb [......]
Gold:   0          SH: 11    Dex: 12    Spells: 9/9 levels left

rFire    . . .     SeeInvis .   a - +0 war axe
rCold    . . .     Gourm    .   c - +0 shield
rNeg     . . .     Faith    .   B - +0 plate armour
rPois    .         Spirit   .   z - +1 helmet
rElec    .         Reflect  .   (no cloak)
rCorr    .         Harm     .   y - +0 pair of gloves
MR       +....                  v - +0 pair of boots
Stlth    ..........             (no amulet)
HPRegen  0.00/turn              (no ring)
MPRegen  0.07/turn              (no ring)

@: marked, corroded, non-regenerating
A: damage resistance, heal wounds, sense surroundings 2, no regeneration
a: Heal Wounds, Renounce Religion


You were on level 8 of the Dungeon.
You worshipped Makhleb.
Makhleb was noncommittal.
You were not hungry.

You visited 2 branches of the dungeon, and saw 9 of its levels.
You also visited: Sewer.

Inventory:

Hand Weapons
 a - a +0 war axe (weapon)
Armour
 c - a +0 shield (worn)
 v - a +0 pair of boots (worn)
 y - a +0 pair of gloves (worn)
 z - a +1 helmet (worn)
 B - a +0 plate armour (worn)
Wands
 J - a wand of polymorph (9)
Scrolls
 b - a scroll of immolation
 e - 7 scrolls of identify {unknown}
 g - 2 scrolls of fog {unknown}
 h - 2 scrolls of teleportation {unknown}
 i - 3 scrolls of fear {unknown}
 j - 7 scrolls of remove curse
 u - 4 scrolls of blinking {unknown}
 x - 3 scrolls of magic mapping
 A - a scroll of noise {unknown}
 F - a scroll of random uselessness {unknown}
 G - a scroll of amnesia {unknown}
 H - 2 scrolls of holy word {unknown}
Potions
 d - 2 potions of might
 k - a potion of magic {unknown}
 l - 5 potions of brilliance {unknown}
 m - 4 potions of heal wounds {unknown}
 n - 2 potions of degeneration {unknown}
 p - 4 potions of agility {unknown}
 r - a potion of mutation {unknown}
 s - 5 potions of curing {unknown}
 t - 7 potions of flight {unknown}
 w - a potion of resistance {unknown}
 C - a potion of lignification {unknown}
 D - a potion of ambrosia {unknown}
 E - a potion of invisibility {unknown}
Comestibles
 f - 13 rations
 I - a chunk of flesh


   Skills:
 + Level 6.6 Fighting
 + Level 12.4 Axes
 + Level 7.5 Armour
 + Level 2.8 Dodging
 + Level 0.3 Stealth
 + Level 8.9 Shields


You had 9 spell levels left.
You didn't know any spells.
Your spell library contained the following spells:

 Spells                   Type           Power        Failure   Level  Hunger
 Beastly Appendage        Tmut           #.....       100%        1    ##.....
 Shock                    Conj/Air       #...         100%        1    ##.....
 Sting                    Conj/Pois      #...         100%        1    ##.....
 Poisonous Vapours        Pois/Air       #.....       100%        2    ###....
 Sticks to Snakes         Tmut           #.......     100%        2    ###....
 Swiftness                Chrm/Air       #.......     100%        2    ###....
 Mephitic Cloud           Conj/Pois/Air  #.......     100%        3    ####...
 Spider Form              Tmut/Pois      #.........   100%        3    ####...
 Static Discharge         Conj/Air       #.......     100%        3    ####...
 Airstrike                Air            #.........   100%        4    #####..
 Ice Form                 Ice/Tmut       #.......     100%        4    #####..
 Olgreb's Toxic Radiance  Pois           #.......     100%        4    #####..
 Blade Hands              Tmut           #.........   100%        5    ######.
 Lightning Bolt           Conj/Air       #.........   100%        5    ######.
 Venom Bolt               Conj/Pois      #.........   100%        5    ######.


Dungeon Overview and Level Annotations

Branches:
Dungeon (8/15)             Temple (1/1) D:4
   Lair: D:8-11

Altars:
Ashenzari
Elyvilon
Fedhas
Gozag
Hepliaklqana
Kikubaaqudgha
Makhleb
Nemelex Xobeh
Okawaru
Qazlal
Sif Muna
Trog
Uskayaw
Vehumet
Wu Jian
Xom
Yredelemnul
Zin
The Shining One

Shops:
D:5 !   D:6 [

Annotations:
D:8 Harold, Maurice


Innate Abilities, Weirdness & Mutations

You are resistant to damage.
You can heal yourself by infusing magical energy.
You passively map the area around you.
You do not regenerate.


Message History

You hit Harold but do no damage.
Harold is severely wounded.
You hit Harold but do no damage.
Harold is severely wounded.
Harold completely misses you.
You slash Harold!
Harold is almost dead.
Harold zaps a wand.
The bolt of acid hits you!
* * * LOW HITPOINT WARNING * * *
You are splashed with acid!
* * * LOW HITPOINT WARNING * * *
You hit Harold but do no damage.
Harold is almost dead.
Harold gestures at you while chanting. The mark upon you grows brighter.
As you read the scroll labeled LOYLAN ZYWN, it crumbles to dust.
The creatures around you are filled with an inner flame!
It was a scroll of immolation.
Harold hits you with a +1 halberd of protection!
You die...

...........#.. ,
#.########.#.###### #.#
#.#.##...# * * #.#
####.#.##.#.#, , ,* ..#
#.....รท...#.#, , * ..#
#.........#.#,* ,*
.######.........#.#, *
.......###.#.##.#@#.# *
................@..># *
..####.......##.#.### *
........####.##.#.# * *
........#.......#.. ,
........#.##.##########*
*
..###...#....##<......#
,
..#.....##....)..#..#.#
*
[.#.....#<.......#..#.#
..#.....##......##..#.#


You could see Harold (inner flame).

Vanquished Creatures
  Gastronok (D:8)
  Psyche (D:8)
  The ghost of grot the Skirmisher, an amateur DsFi of Yredelemnul (D:4)
  2 hippogriffs
  Grinder (D:3)
  A spriggan (D:7)
  A wyvern (D:8)
  Grum (D:8)
  Menkaure (D:5)
  3 ice beasts
  A black bear (D:6)
  Purgy (Sewer)
  3 sky beasts
  2 orc warriors
  A phantom (D:5)
  4 ogres
  4 wolves (D:8)
  A big kobold (D:8)
  4 bullfrogs
  3 scorpions
  4 howler monkeys
  6 crimson imps
  2 hounds
  A jelly (D:4)
  6 orc priests
  A bullfrog skeleton (D:5)
  8 orc wizards
  2 centaur skeletons (D:5)
  Ijyb (D:3)
  12 worker ants
  An iguana (D:8)
  2 hound skeletons (D:4)
  2 worker ant zombies
  Robin (D:3)
  13 adders
  3 gnolls (D:5)
  4 shadow imps
  An ooze (D:2)
  An adder zombie (D:7)
  6 worms
  4 dart slugs
  2 leopard geckos (D:7)
  25 orcs
  5 ball pythons
  21 goblins
  15 hobgoblins
  5 jackals
  16 kobolds
  4 quokkas
  12 bats
  3 frilled lizards (D:2)
  2 leopard gecko skeletons
  3 quokka skeletons
  8 rats
239 creatures vanquished.

Vanquished Creatures (others)
  Sigmund (D:5)
1 creature vanquished.

Grand Total: 240 creatures vanquished

Notes
Turn   | Place    | Note
-------+----------+-------------------------------------------
     0 | D:1      | Exodus22XD the Deep Dwarf Fighter began the quest for the
                  | Orb.
     0 | D:1      | Reached XP level 1. HP: 20/20 MP: 1/1
   137 | D:1      | Reached XP level 2. HP: 24/27 MP: 2/2
   579 | D:2      | Reached XP level 3. HP: 29/34 MP: 3/3
   716 | D:2      | Reached skill level 3 in Axes
   845 | D:2      | Reached XP level 4. HP: 16/42 MP: 4/4
  1338 | D:3      | Reached XP level 5. HP: 42/49 MP: 5/5
  1357 | D:3      | Noticed Grinder
  1358 | D:3      | Noticed Ijyb
  1389 | D:3      | Paralysed by Ijyb for 7 turns
  1400 | D:3      | Paralysed by Grinder for 3 turns
  1410 | D:3      | Paralysed by Grinder for 5 turns
  1420 | D:3      | Killed Ijyb
  1420 | D:3      | Reached skill level 1 in Dodging
  1426 | D:3      | Paralysed by Grinder for 5 turns
  1442 | D:3      | Killed Grinder
  1442 | D:3      | Reached skill level 4 in Axes
  1442 | D:3      | Reached XP level 6. HP: 42/56 MP: 5/5
  1499 | D:3      | Noticed Robin
  1518 | D:3      | Killed Robin
  2078 | D:4      | Found a runed translucent door.
  2083 | D:4      | Noticed grot's ghost (amateur DsFi)
  2108 | D:4      | Killed grot's ghost
  2108 | D:4      | Reached skill level 5 in Axes
  2108 | D:4      | Reached skill level 5 in Armour
  2108 | D:4      | Reached XP level 7. HP: 54/63 MP: 5/5
  2144 | D:4      | Found a stormy altar of Qazlal.
  2178 | D:4      | Reached skill level 5 in Shields
  2188 | D:4      | Reached skill level 6 in Axes
  2198 | D:4      | Found a staircase to the Ecumenical Temple.
  2215 | Temple   | Entered the Ecumenical Temple
  2319 | D:4      | Found a sparkling altar of Nemelex Xobeh.
  2936 | D:5      | Entered Level 5 of the Dungeon
  2947 | D:5      | Reached skill level 7 in Axes
  3058 | D:5      | Found a shimmering altar of Xom.
  3075 | D:5      | Reached XP level 8. HP: 39/72 MP: 5/5
  3285 | D:5      | Reached skill level 8 in Axes
  3305 | D:5      | Found Kaoz Appineh's Distillery.
  3315 | D:5      | Found a shattered altar of Ashenzari.
  3414 | D:5      | Noticed Menkaure
  3430 | D:5      | Killed Menkaure
  3430 | D:5      | Reached skill level 9 in Axes
  3572 | D:5      | Killed Sigmund
  4072 | D:6      | Found a glowing drain.
  4124 | Sewer    | Entered a sewer
  4190 | Sewer    | Noticed Purgy
  4198 | Sewer    | Killed Purgy
  4198 | Sewer    | Gained mutation: You passively map the area around you.
                  | [Deep Dwarf growth]
  4198 | Sewer    | Reached XP level 9. HP: 40/80 MP: 4/4
  4364 | D:6      | Found Hecw's Armour Boutique.
  4464 | D:6      | Reached skill level 5 in Fighting
  5077 | D:7      | Reached skill level 10 in Axes
  5101 | D:7      | Found an iron altar of Okawaru.
  5892 | D:8      | Found a glowing golden altar of the Shining One.
  5909 | D:8      | Noticed Gastronok
  5935 | D:8      | HP: 1/82 [Gastronok (27)]
  5961 | D:8      | Killed Gastronok
  5961 | D:8      | Reached skill level 11 in Axes
  5961 | D:8      | Reached XP level 10. HP: 76/91 MP: 4/4
  6109 | D:8      | Reached skill level 12 in Axes
  6169 | D:8      | Noticed Psyche
  6180 | D:8      | Paralysed by Psyche for 3 turns
  6187 | D:8      | Killed Psyche
  6431 | D:8      | Noticed Grum
  6456 | D:8      | Killed Grum
  6584 | D:8      | Found a shimmering altar of Xom.
  6597 | D:8      | Found a burning altar of Makhleb.
  6601 | D:8      | Became a worshipper of Makhleb the Destroyer
  6674 | D:8      | Noticed Maurice
  6681 | D:8      | HP: 4/92 [acid (15)]
  6827 | D:8      | Noticed Harold
  6866 | D:8      | Slain by Harold

Skill      XL: |  1  2  3  4  5  6  7  8  9 10 |
---------------+-------------------------------+-----
Fighting       | 3 4 6 |  6.6
Axes           | 3 4 5 7 9 11 12 | 12.4
Armour         | 4 5 6 7 |  7.5
Shields        | 4 5 6 8 |  8.9
Dodging        | 2 |  2.8
Stealth        | |  0.3

Action                   |  1- 3 |  4- 6 |  7- 9 | 10-12 || total
-------------------------+-------+-------+-------+-------++-------
Melee: War axe           |   126 |   170 |   558 |   212 ||  1066
 Abil: Heal Wounds       |       |     4 |    18 |    15 ||    37
  Use: Scroll            |       |       |     2 |     1 ||     3
  Eat: Chunk             |       |     4 |    14 |     3 ||    21
Armor: Chain mail        |   120 |   120 |       |       ||   240
       Plate armour      |       |    10 |   310 |    93 ||   413
Dodge: Dodged            |    39 |    47 |   122 |    42 ||   250
Block: Shield            |   105 |   134 |   291 |   120 ||   650
